 Dungeon Crawl Stone Soup version 0.29.0-4-gdea44cf6ec (webtiles) character file.

Game seed: 17513143470491990292

32 qw the Chopper (level 3, 0/21 HPs)
             Began as a Tengu Warper on Aug 28, 2022.
             Slain by a gnoll
             ... wielding a +0 spear
              (4 damage)
             ... on level 2 of the Dungeon.
             The game lasted 00:00:07 (1582 turns).

qw the Chopper (Tengu Warper)                       Turns: 1582, Time: 00:00:08

Health: 0/21       AC:  5    Str: 13    XL:     3   Next: 25%
Magic:  7/7        EV: 11    Int: 13    God:
Gold:   127        SH:  0    Dex: 13    Spells: 6/6 levels left

rFire   . . .      SeeInvis .   Y - +0 hand axe
rCold   . . .      Faith    .   (no shield)
rNeg    . . .      Spirit   .   f - +0 ring mail
rPois   .          Reflect  .   (helmet restricted)
rElec   .          Harm     .   (no cloak)
rCorr   .          Rampage  .   (no gloves)
Will    .....                   (boots unavailable)
Stlth   +.........              (no amulet)
HPRegen 0.07/turn               (no ring)
MPRegen 0.10/turn               (no ring)

@: no status effects
A: beak, talons 3
a: no special abilities


You were on level 2 of the Dungeon.
You visited 1 branch of the dungeon, and saw 2 of its levels.

You collected 127 gold pieces.


Innate Abilities, Weirdness & Mutations

You have a beak for a mouth.
You have claws for feet.


   Skills:
 - Level 2.0 Fighting
 + Level 4.0 Axes
 - Level 1.0 Throwing
 - Level 1.1 Armour
 - Level 2.1 Dodging
 - Level 2.0 Spellcasting
 - Level 2.4 Translocations


You had 6 spell levels left.
You didn't know any spells.
Your spell library contained the following spells:

 Spells                   Type           Power      Damage    Failure   Level
 Blink                    Tloc           14%        N/A       30%         2
 Gell's Gravitas          Tloc           7%         N/A       52%         3
 Lesser Beckoning         Tloc           7%         N/A       52%         3
 Teleport Other           Tloc           7%         N/A       52%         3
 Manifold Assault         Tloc           7%         N/A       99%         5

Inventory:

Hand Weapons
 h - a +0 mace
 Y - a +0 hand axe (weapon)
Armour
 f - a +0 ring mail (worn)
Scrolls
 a - a scroll of identify {unknown}
 c - a scroll of brand weapon {unknown}
Potions
 b - a potion of brilliance {unknown}
 d - a potion of degeneration {unknown}
 e - a potion of flight {unknown}
 j - a potion of invisibility {unknown}

Dungeon Overview and Level Annotations

Branches:
Dungeon (2/15)

Altars:
Hepliaklqana


Message History

You now have 127 gold pieces (gained 8).
You see here a +0 hand axe.
e - a metallic blue potion 3 gnolls and a ball python come into view.
Found a short sword.
The gnoll shouts! x3; The ball python hisses angrily.
A bat comes into view.
The bat moves out of view.
Enter note:
1574 ||| Stepping ~*~*~tactically~*~*~ (hiding).
You hit the ball python.
You kill the ball python!
The gnoll hits you but does no damage.
Found a stone staircase leading down.
You barely miss the gnoll. You closely miss the bat. You hit the gnoll.
The bat hits you.
The gnoll hits you from afar with a +0 spear.
The gnoll hits you with a +0 club.
You hit the gnoll but do no damage. Your peck misses the gnoll.
The gnoll is lightly wounded.
You hit the gnoll. You hit the bat but do no damage. The bat barely misses you.
The gnoll barely misses you. x2
The gnoll hits you but does no damage.
You hit the gnoll.
The gnoll is lightly wounded.
You completely miss the gnoll. The bat closely misses you.
The gnoll closely misses you. The gnoll hits you but does no damage.
The gnoll hits you from afar with a +0 spear.
You closely miss the gnoll.
The gnoll is lightly wounded.
You closely miss the gnoll. The bat closely misses you.
The gnoll hits you with a +0 club. The gnoll closely misses you.
The gnoll misses you.
You hit the gnoll. You claw the gnoll, but do no damage.
The gnoll is heavily wounded.
You closely miss the gnoll. The bat hits you.
The gnoll hits you with a +0 club.
The gnoll hits you from afar with a +0 spear.
You die...

######### #.......#
#.......# .##.......#
>)........+ #...g...#
#....gg.# .
#....@b.###..
#########........ ..~
#..............## ...~
#.######.......#####...
#.......#...#..
#.......#...'#
#.#######....###### #.#
####....##?... #.#
#.......##.###


You could see 3 gnolls and a bat.

Vanquished Creatures
  2 dart slugs (D:1)
  3 endoplasms (D:1)
  A giant cockroach (D:2)
  2 goblins
  4 hobgoblins
  2 jackals (D:2)
  2 kobolds (D:1)
  A quokka (D:1)
  3 ball pythons (D:2)
  3 bats
  A frilled lizard (D:1)
  A rat (D:1)
25 creatures vanquished.

Notes
Turn   | Place    | Note
-------+----------+-------------------------------------------
     0 | D:1      | qw the Tengu Warper began the quest for the Orb.
     0 | D:1      | Reached XP level 1. HP: 12/12 MP: 4/4
     0 | D:1      | 0 ||| qw: Version: 0.1-a-89-g26bdef1
     0 | D:1      | 0 ||| qw: Game counter: 866
     0 | D:1      | 0 ||| qw: Always use a shield: true
     0 | D:1      | 0 ||| qw: God list: Okawaru
     0 | D:1      | 0 ||| qw: Allow faded altars: false
     0 | D:1      | 0 ||| qw: Do Orc after D:15 true
     0 | D:1      | 0 ||| qw: Do second Lair branch before Depths: true
     0 | D:1      | 0 ||| qw: Lair rune preference: random
     0 | D:1      | 0 ||| qw: Plans: Normal
     0 | D:1      | 0 ||| PLANNING D:1-11
   341 | D:1      | 341 ||| Stepping ~*~*~tactically~*~*~ (hiding).
   460 | D:1      | Reached XP level 2. HP: 17/17 MP: 6/6
   486 | D:1      | Reached skill level 3 in Axes
   942 | D:1      | 942 ||| Stepping ~*~*~tactically~*~*~ (hiding).
  1060 | D:1      | Found a hazy altar of Hepliaklqana.
  1064 | D:1      | 1064 ||| UPGRADING to +0 ring mail.
  1074 | D:1      | 1074 ||| DROPPING +0 leather armour.
  1076 | D:1      | 1076 ||| READING scroll labelled XOFFUVYIME.
  1204 | D:1      | 1204 ||| READING scroll labelled TUOGED DUUG.
  1205 | D:1      | 1205 ||| READING scroll labelled JITUAXYFRA.
  1207 | D:1      | 1207 ||| DROPPING scroll of blinking.
  1302 | D:2      | 1302 ||| Stepping ~*~*~tactically~*~*~ (stealth).
  1309 | D:2      | 1309 ||| Stepping ~*~*~tactically~*~*~ (stealth).
  1312 | D:2      | Reached XP level 3. HP: 20/21 MP: 7/7
  1544 | D:2      | Reached skill level 4 in Axes
  1574 | D:2      | 1574 ||| Stepping ~*~*~tactically~*~*~ (hiding).
  1582 | D:2      | HP: 4/21 [gnoll/+0 club (3)]
  1582 | D:2      | Slain by a gnoll

Levels and vault maps discovered:
D:1:      dpeg_arrival_lava_altar, layout_loops_corners, serial_glass,
          glass_columns_a, glass_columns_b, minmay_misc_feat_plants
D:2:      layout_basic, dreamdust_ecumenical_altar_drowned_temple,
          serial_rivers, chequers_serial_rivers_micro_d,
          chequers_serial_rivers_small_3, chequers_serial_rivers_micro_d,
          chequers_serial_rivers_room_a, chequers_serial_rivers_micro_b,
          chequers_serial_rivers_micro_c

Skill      XL: |  1  2  3 |
---------------+----------+-----
Axes           | 3 4 |  4.0
Fighting       | |  2.0
Throwing       | |  1.0
Armour         | |  1.1
Dodging        | |  2.1
Spellcasting   | |  2.0
Translocations | |  2.4

Action                   || total
-------------------------++-------
Melee: Hand axe          ||    62
       Kick              ||    16
       Peck              ||     6
Throw: Boomerang         ||     7
  Use: Scroll            ||     3
Armor: Leather armour    ||     4
       Ring mail         ||     9
Dodge: Dodged            ||    40

Table legend:
 A = Non-vault XP
 B = Vault XP
 C = Vault XP percentage of total XP
 D = Non-vault monster count
 E = Vault monster count
 F = Vault count percentage of total count
                 A         B        C        D         E       F
            +---------+---------+-------+---------+---------+-------
      Total |      46 |       0 |   0.0 |      25 |       0 |   0.0
            +---------+---------+-------+---------+---------+-------
        D:1 |      28 |       0 |   0.0 |      14 |       0 |   0.0
        D:2 |      18 |       0 |   0.0 |      11 |       0 |   0.0
            +---------+---------+-------+---------+---------+-------
